 Dungeon Crawl Stone Soup version 0.30.1-4-g462c640d31 (webtiles) character file.

Game seed: 2703795901307901409

661 Arctor the Insei (level 7, -2/69 HPs)
             Began as an Octopode Transmuter on Aug 27, 2023.
             Was a Follower of Okawaru.
             Slain by rozman's ghost (10 damage)
             ... on level 4 of the Dungeon.
             The game lasted 00:04:28 (4163 turns).

Arctor the Insei (Octopode Transmuter)              Turns: 4163, Time: 00:04:28

Health: -2/69      AC: 23    Str:  9    XL:     7   Next: 56%
Magic:  11/12      EV:  2    Int: 18    God:    Okawaru [*.....]
Gold:   161        SH:  0    Dex: 12    Spells: 9/13 levels left

rFire   . .          .
                       - Unarmed
rCold   . . .        (no shield)
rNeg    . . .        (helmet currently unavailable)
rPois   +            (no amulet)
rElec   .            (no ring)
rCorr   .            (no ring)
SInv    .            (no ring)
Will    .....        (no ring)
Stlth   +            (no ring)
HPRegen 0.31/turn    (no ring)
MPRegen 0.13/turn    (no ring)
                     (no ring)

%: no passive effects
@: tree-form
A: stationary, stasis, torment immunity, boosted hp, almost no armour,
(amphibious), 8 rings, (camouflage 1), (gelatinous body 1), (nimble swimmer 1),
(tentacles)
a: Renounce Religion, Heroism


You were on level 4 of the Dungeon.
You worshipped Okawaru.
Okawaru was aware of your devotion.
You were a tree.
You visited 1 branch of the dungeon, and saw 4 of its levels.

You collected 161 gold pieces.

Inventory:

Jewellery
 e - a ring of fire
Wands
 d - a wand of paralysis (12)
Scrolls
 c - 4 scrolls of identify
 g - a scroll of brand weapon
 h - 2 scrolls of amnesia
 i - 3 scrolls of teleportation
 j - a scroll of silence
 n - a scroll of enchant armour {unknown}
 o - a scroll of magic mapping {unknown}
Potions
 a - 2 potions of lignification
 b - a potion of cancellation {unknown}
 f - 2 potions of curing {unknown}
 k - a potion of degeneration {unknown}
 l - a potion of might {unknown}


   Skills:
 + Level 3.4 Fighting
 + Level 4.0 Dodging
 + Level 4.6 Unarmed Combat
 + Level 3.7 Spellcasting
 + Level 4.0 Transmutations


You had 9 spell levels left.
You knew the following spells:

 Your Spells              Type           Power      Damage    Failure   Level
a - Beastly Appendage     Tmut           34%        N/A       3%          1
b - Spider Form           Tmut/Pois      10%        N/A       21%         3

Your spell library contained the following spells:

 Spells                   Type           Power      Damage    Failure   Level
 Wereblood                Tmut           17%        N/A       4%          2
 Dazzling Flash           Conj/Hex       6%         N/A       41%         3
 Volatile Blastmotes      Fire/Tloc      6%         2d10      41%         3
 Ice Form                 Ice/Tmut       10%        N/A       54%         4
 Iskenderun's Mystic Bla  Conj/Tloc      3%         2d3       83%         4
 Starburst                Conj/Fire      1%         6d3       100%        6
 Orb of Destruction       Conj           1%         9d5       100%        7
 Summon Guardian Golem    Hex/Summ       Unusable   N/A       N/A         3
 Spellforged Servitor     Conj/Summ      Unusable   N/A       N/A         7

Dungeon Overview and Level Annotations

Branches:
Dungeon (4/15)             Temple (0/1) D:4

Altars:
Ashenzari
Nemelex Xobeh
Okawaru
Qazlal
Ru
Sif Muna
Uskayaw
The Shining One

Shops:
D:3 [

Annotations:
D:4 1 runed translucent door, rozman's ghost, novice MiHu


Innate Abilities, Weirdness & Mutations

You are a tree.
Your roots penetrate the ground, keeping you stationary.
You cannot be teleported.
You are immune to unholy pain and torment.
Your maximum health is greatly increased.
You cannot wear most types of armour.
((You are amphibious.))
You can wear up to eight rings at the same time.
((Your skin changes colour to match your surroundings (Stealth+).))
((Your rubbery body absorbs attacks. (AC +1, EV +1)))
((You are camouflaged when in or above water. (Stealth+)))
((You have tentacles for arms and can constrict up to eight enemies at once.))


Message History

Rozman's ghost is heavily damaged.
Rozman's ghost hits you!
You bite rozman's ghost!
Rozman's ghost is heavily damaged.
Rozman's ghost closely misses you.
You closely miss rozman's ghost.
Rozman's ghost is heavily damaged.
Rozman's ghost hits you.
You hit rozman's ghost but do no damage.
Rozman's ghost is heavily damaged.
Rozman's ghost misses you.
You hit rozman's ghost.
Rozman's ghost is heavily damaged.
Rozman's ghost shouts, "You will never get the ORB!"
Rozman's ghost hits you!
You hit rozman's ghost but do no damage.
Rozman's ghost is heavily damaged.
You hit rozman's ghost.
Rozman's ghost is heavily damaged.
Your transformation has ended.
Rozman's ghost hits you!
You closely miss rozman's ghost. Your squeeze misses rozman's ghost.
Rozman's ghost is heavily damaged.
Rozman's ghost hits you!
* * * LOW HITPOINT WARNING * * *
Really quaff the potion of lignification?
You turn into a tree.
Your roots penetrate the ground.
Rozman's ghost hits you but does no damage.
The river rat twitches its whiskers.
You completely miss rozman's ghost.
Rozman's ghost is heavily damaged.
Rozman's ghost hits you but does no damage.
You hit rozman's ghost.
Rozman's ghost is severely damaged.
Rozman's ghost hits you.
* * * LOW HITPOINT WARNING * * *
You barely miss rozman's ghost.
Rozman's ghost is heavily damaged.
Rozman's ghost hits you!
You die...

#####.....#.##.#######.#
####.
#..............#.....#.#
#.
##.######..#.#.)#.###.#.#
#. #............#..#.#
#.#.# #.
#.##########......# #.#.#
#. #.############....#
#.#.# #####
#..#r~~~~~~~~#....# #.#.#
#.... #..+W~~~?~~~rW....#
#.#.# #....
##.#~~~~~~~~~#♣...# #.#.#
#.... #############....#
#.#.# #....
#.......#....###.#.# #....
#.#####.#........#.# #....
#.....).......####.# #....
#..#.#.#.#.#.<.....# #....
#......(.)...#..######....
#..#.......#.......[......
#............##.########'#


You could see rozman's ghost and a river rat.

Vanquished Creatures
  Sigmund (D:4)
  Duvessa (D:4)
  A scorpion (D:4)
  Dowan (D:4)
  3 orc priests
  2 hounds
  An orc wizard (D:4)
  4 adders
  2 worms
  A dart slug (D:4)
  5 orcs
  8 ball pythons
  4 bats
  6 endoplasms
  5 giant cockroaches
  5 goblins
  11 hobgoblins
  2 jackals (D:2)
  4 kobolds
  4 quokkas
  8 frilled lizards
  4 rats
83 creatures vanquished.

Notes
Turn   | Place    | Note
-------+----------+-------------------------------------------
     0 | D:1      | Arctor the Octopode Transmuter began the quest for the Orb.
     0 | D:1      | Reached XP level 1. HP: 13/13 MP: 3/3
   233 | D:1      | Reached XP level 2. HP: 18/18 MP: 5/5
   621 | D:1      | Found a faded altar of an unknown god.
   941 | D:2      | Reached XP level 3. HP: 21/23 MP: 6/6
  1175 | D:2      | Learned a level 3 spell: Spider Form
  1429 | D:2      | Reached XP level 4. HP: 16/29 MP: 5/7
  1886 | D:3      | Found Eguonne Redo's Armour Emporium.
  1964 | D:3      | Found a glowing golden altar of the Shining One.
  1964 | D:3      | Found a hide-covered altar of Uskayaw.
  1966 | D:3      | Found a stormy altar of Qazlal.
  2655 | D:3      | Found an iron altar of Okawaru.
  2657 | D:3      | Found a sparkling altar of Nemelex Xobeh.
  2659 | D:3      | Found a shimmering blue altar of Sif Muna.
  2661 | D:3      | Found a broken altar of Ashenzari.
  2684 | D:3      | Became a worshipper of Warmaster Okawaru
  2731 | D:4      | Reached XP level 5. HP: 27/34 MP: 9/9
  3147 | D:4      | Found a staircase to the Ecumenical Temple.
  3170 | D:4      | Found a runed translucent door.
  3172 | D:4      | Noticed rozman's ghost (novice MiHu)
  3216 | D:4      | Found a sacrificial altar of Ru.
  3226 | D:4      | Reached XP level 6. HP: 24/41 MP: 10/10
  3303 | D:4      | Noticed Dowan
  3303 | D:4      | Noticed Duvessa
  3317 | D:4      | HP: 3/61 [Duvessa/+0 rapier (11)]
  3318 | D:4      | Killed Duvessa
  3318 | D:4      | Reached * piety under Okawaru
  3320 | D:4      | Killed Dowan
  3401 | D:4      | Reached XP level 7. HP: 46/46 MP: 10/12
  3536 | D:4      | Found a runed translucent door.
  3862 | D:4      | Noticed Sigmund
  3876 | D:4      | Killed Sigmund
  4163 | D:4      | Slain by rozman's ghost

Illustrated notes

Levels and vault maps discovered:
D:1:      matt_arrival_refuge, layout_basic,
          shapermc_ecumenical_altar_flowoftime, kennysheep_flooded_box,
          hangedman_feature_mirror
D:2:      layout_loops_ring, nrook_loot_triangle
D:3:      layout_loops_corners, grunt_temple_overflow_open, serial_shops, shop,
          minmay_stone_trees_small
D:4:      minmay_evil_eye, layout_basic, nicolae_ru_great_annihilating_truth,
          minmay_temple_entry_glass, ebering_ghost_sewer_f, st_stairs_11,
          grunt_ministairs_2, uniq_duvessa, uniq_sigmund

Skill      XL: |  1  2  3  4  5  6  7 |
---------------+----------------------+-----
Fighting       | 2 3 |  3.4
Dodging        | 3 4 |  4.0
Transmutations | 3 4 |  4.0
Spellcasting   | 3 |  3.7
Unarmed Combat | 4 |  4.6

Action                     |  1- 3 |  4- 6 |  7- 9 || total
---------------------------+-------+-------+-------++-------
  Melee: Unarmed           |    89 |    91 |    57 ||   237
         Constrict         |    21 |    24 |    10 ||    55
         Tentacles         |    14 |    21 |     3 ||    38
         Punch             |     1 |     4 |     3 ||     8
         Kick              |     1 |     4 |       ||     5
   Cast: Beastly Appendage |     1 |     1 |       ||     2
         Spider Form       |       |       |     2 ||     2
    Use: Scroll            |     1 |     4 |       ||     5
         Potion            |       |     2 |     1 ||     3
   Stab: Sleeping          |     8 |     2 |     1 ||    11
         Invisible         |       |     1 |       ||     1
         Paralysed         |       |     1 |       ||     1
 Armour: Skin              |     6 |     2 |     6 ||    14
  Dodge: Dodged            |    51 |    43 |    37 ||   131
